 Dungeon Crawl Stone Soup version 0.29.1-1-gd02db6906a (webtiles) character file.

Game seed: 3476035386311819327

272 zeram the Chiller (level 6, -4/36 HPs)
             Began as an Octopode Ice Elementalist on Oct 10, 2022.
             Killed by an exploding white imp (27 damage)
             ... ignited by their inner flame
             ... on level 3 of the Dungeon.
             The game lasted 00:07:05 (4651 turns).

zeram the Chiller (Octopode Ice Elementalist)       Turns: 4651, Time: 00:07:06

Health: -4/36      AC:  1    Str:  8    XL:     6   Next: 23%
Magic:  11/11      EV: 13    Int: 19    God:
Gold:   127        SH:  0    Dex: 12    Spells: 5/12 levels left

rFire   . . .      SeeInvis .   b - +1 whip
rCold   . . .      Faith    .   (no shield)
rNeg    . . .      Spirit   .   (helmet restricted)
rPois   .          Reflect  .   (no amulet)
rElec   .          Harm     .   (no ring)
rCorr   .          Rampage  .   (no ring)
Will    .....                   (no ring)
Stlth   +++.......              (no ring)
HPRegen 0.12/turn               (no ring)
MPRegen 0.12/turn               (no ring)
                                (no ring)
                                (no ring)

@: mighty, weak-willed
A: almost no armour, amphibious, 8 rings, camouflage 1, gelatinous body 1,
(nimble swimmer 1), tentacles
a: no special abilities


You were on level 3 of the Dungeon.
You visited 1 branch of the dungeon, and saw 3 of its levels.

You collected 127 gold pieces.

Inventory:

Hand Weapons
 b - a +1 whip (weapon)
Missiles
 d - a throwing net
Scrolls
 k - a scroll of enchant weapon
 n - a scroll of poison
Potions
 a - 2 potions of magic
 c - a potion of attraction
 e - 4 potions of brilliance
 f - a potion of flight {unknown}
 g - a potion of ambrosia {unknown}
 h - 2 potions of haste
 j - 2 potions of lignification
 m - 2 potions of mutation


   Skills:
 + Level 3.2 Dodging
 - Level 2.6 Stealth
 + Level 3.8 Spellcasting
 + Level 5.7 Ice Magic


You had 5 spell levels left.
You knew the following spells:

 Your Spells              Type           Power      Damage    Failure   Level
a - Freeze                Ice            100%       1d11      1%          1
b - Frozen Ramparts       Ice            50%        1d8       4%          3
c - Ozocubu's Armour      Ice            25%        N/A       4%          3

Your spell library contained the following spells:

 Spells                   Type           Power      Damage    Failure   Level
 Hailstorm                Conj/Ice       14%        3d5       41%         4


Dungeon Overview and Level Annotations

Branches:
Dungeon (3/15)

Altars:


Innate Abilities, Weirdness & Mutations

You cannot wear most types of armour.
You are amphibious.
You can wear up to eight rings at the same time.
Your skin changes colour to match your surroundings (Stealth+).
Your rubbery body absorbs attacks. (AC +1, EV +1)
((You are camouflaged when in or above water. (Stealth+)))
You have tentacles for arms and can constrict up to eight enemies at once.


Message History

Your butterfly disappears in a burst of colours!
Your butterfly is engulfed in poison gas.
Your butterfly is poisoned.
You kill your butterfly!
Your butterfly disappears in a burst of colours!
Your butterfly is engulfed in poison gas.
Your butterfly is poisoned.
You kill your butterfly!
Your butterfly disappears in a burst of colours!
Your butterfly is engulfed in poison gas.
Your butterfly is poisoned.
You kill your butterfly!
Your butterfly disappears in a burst of colours!
Your butterfly is engulfed in poison gas.
Your butterfly is poisoned.
You kill your butterfly!
Your butterfly disappears in a burst of colours!
Your butterfly is engulfed in poison gas.
Your butterfly is poisoned.
You kill your butterfly!
Your butterfly disappears in a burst of colours!
Your butterfly is engulfed in poison gas.
Your butterfly is poisoned.
You kill your butterfly!
Your butterfly disappears in a burst of colours!
Your butterfly is engulfed in poison gas.
Your butterfly is poisoned.
You kill your butterfly!
Your butterfly disappears in a burst of colours!
Okay, then.
Okay, then.
It was a potion of might.
You feel very mighty all of a sudden. The white imp closely misses you.
You whack the white imp!
Flame seeps out of the white imp.
Your grab misses the white imp. You squeeze the white imp.
The white imp explodes!
The fiery explosion engulfs you!!
Ouch! That really hurt!
You die...

.#........# #.# ##.# .#....#####
#.# #.# #####..### #.# #.#
.#.......# #.# #.# .#.#####.####
#####.#####.# .#.# #.§°☼######
#...........# ...#####.§§○°§○§§#
#.###.####..# #...#..######§§§§#
#.###.# #... ###....#
####@####.....####.## ###....#
.°..§☼☼☼#.............##
.##....#.####§°§§####..........##
.......#....###### ##.#######.##
....####.....†...#####.## #.##
.#### #†...#......# #.## ##
####.#.####.# #... # #...# #.#
#..# # ##### #.# #..#


There were no monsters in sight!

Vanquished Creatures
  Sigmund (D:2)
  4 adders
  A white imp (D:3)
  2 dart slugs
  4 ball pythons
  4 bats
  6 endoplasms
  2 giant cockroaches
  2 goblins (D:2)
  10 hobgoblins
  6 jackals
  12 kobolds
  5 quokkas
  2 frilled lizards (D:2)
  8 rats
69 creatures vanquished.

Notes
Turn   | Place    | Note
-------+----------+-------------------------------------------
     0 | D:1      | zeram the Octopode Ice Elementalist began the quest for the
                  | Orb.
     0 | D:1      | Reached XP level 1. HP: 11/11 MP: 3/3
   380 | D:1      | Reached XP level 2. HP: 11/17 MP: 5/5
   791 | D:1      | Found a faded altar of an unknown god.
  1352 | D:1      | Reached XP level 3. HP: 21/21 MP: 3/6
  1592 | D:1      | Learned a level 3 spell: Frozen Ramparts
  2476 | D:2      | Reached XP level 4. HP: 23/27 MP: 5/7
  2480 | D:2      | Learned a level 3 spell: Ozocubu's Armour
  2615 | D:2      | Reached skill level 5 in Ice Magic
  2899 | D:2      | Noticed Sigmund
  2909 | D:2      | Killed Sigmund
  2910 | D:2      | Reached XP level 5. HP: 8/31 MP: 0/10
  2910 | D:2      | Reached XP level 6. HP: 9/36 MP: 0/11
  4651 | D:3      | Killed by an exploding white imp... ignited by their inner
                  | flame

Illustrated notes

Levels and vault maps discovered:
D:1:      lemuel_arrival_tunnels, layout_basic,
          shapermc_ecumenical_altar_starsandcircs, serial_corexii_hall,
          corexii_hall_statues_u, chequers_hall_statues_y
D:2:      layout_loops_corners, minmay_octomino_j4, uniq_sigmund
D:3:      minmay_angry_zag, layout_loops_ring, serial_glass, glass_columns_a,
          glass_columns_a

Skill      XL: |  1  2  3  4 |
---------------+-------------+-----
Ice Magic      | 5 |  5.7
Dodging        | 3 |  3.2
Spellcasting   | 3 |  3.8
Stealth        | |  2.6

Action                   |  1- 3 |  4- 6 || total
-------------------------+-------+-------++-------
Melee: Unarmed           |    15 |       ||    15
       Tentacles         |    14 |    11 ||    25
       Constrict         |    15 |    15 ||    30
       Punch             |     1 |     1 ||     2
       Whip              |    67 |    62 ||   129
 Cast: Freeze            |    21 |    17 ||    38
  Use: Scroll            |     2 |    11 ||    13
       Potion            |     1 |     2 ||     3
 Stab: Sleeping          |     5 |    14 ||    19
       Distracted        |     1 |       ||     1
Armor: Skin              |     5 |     5 ||    10
Dodge: Dodged            |    90 |    49 ||   139
